 Dungeon Crawl Stone Soup version 0.29-a0-11-ga75d3d97ab (webtiles) character file.

Game seed: 5373515307890132696

15 Parzival711 the Scratcher (level 2, 0/12 HPs)
             Began as a Felid Transmuter on Jan 28, 2022.
             Slain by a kobold (6 damage)
             ... on level 1 of the Dungeon.
             The game lasted 00:01:59 (716 turns).

Parzival711 the Scratcher (Felid Transmuter)         Turns: 716, Time: 00:02:00

Health: 0/12       AC:  1    Str:  6    XL:     2   Next: 34%
Magic:  6/6        EV: 17    Int: 14    God:
Gold:   43         SH:  0    Dex: 16    Spells: 0/5 levels left
                                        Lives:  0   Deaths: 0

rFire   . . .      SeeInvis +     - Unarmed
rCold   . . .      Faith    .   (shield unavailable)
rNeg    . . .      Spirit   .   (armour unavailable)
rPois   .          Reflect  .   (helmet unavailable)
rElec   .          Harm     .   (cloak unavailable)
rCorr   .          Rampage  .   (gloves unavailable)
Will    .....                   (boots unavailable)
Stlth   +.........              (no amulet)
HPRegen 0.04/turn               (no ring)
MPRegen 0.10/turn               (no ring)

@: quick
A: very small, claws 1, fangs 3, see invisible, speed 1, shaggy fur 1, stealthy
paws, no weapons or thrown items, no armour, multi-lived
a: no special abilities


You were on level 1 of the Dungeon.
You visited 1 branch of the dungeon, and saw 1 of its levels.

You collected 43 gold pieces.

Inventory:

Scrolls
 a - a scroll of teleportation {unknown}


   Skills:
 + Level 1.1 Fighting
 + Level 3.0 Dodging
 + Level 3.4 Unarmed Combat
 + Level 2.1 Spellcasting
 + Level 2.3 Transmutations


You couldn't memorise any spells.
You knew the following spells:

 Your Spells              Type           Power      Damage    Failure   Level
a - Beastly Appendage     Tmut           16%        N/A       9%          1
b - Wereblood             Tmut           8%         N/A       14%         2
c - Passwall              Tmut/Erth      3%         N/A       22%         2

Your spell library contained the following spells:

 Spells                   Type           Power      Damage    Failure   Level
 Ensorcelled Hibernation  Hex/Ice        2%         N/A       34%         2
 Spider Form              Tmut/Pois      4%         N/A       41%         3
 Swiftness                Air            1%         N/A       56%         3
 Ice Form                 Ice/Tmut       4%         N/A       82%         4


Dungeon Overview and Level Annotations

Branches:
Dungeon (1/15)

Altars:


Innate Abilities, Weirdness & Mutations

You have sharp claws.
You have razor-sharp teeth.
You have supernaturally acute eyesight. (SInv)
You cover ground quickly. (Speed+)
You are covered in fur. (AC +1)
Your paws help you pounce on unaware monsters.
You are incapable of wielding weapons or throwing items.
You cannot wear armour.
You gain extra lives every three experience levels.


Message History

Found a scroll labelled KIMUISYB BAMY.
You see here a ruby potion.
You see here a scroll labelled UFAYRU SUORUNK.
You see here a scroll labelled KIMUISYB BAMY.
You aren't wearing any rings or amulets.
As you read the scroll labelled KIMUISYB BAMY, it crumbles to dust.
It is a scroll of identify.
You don't have any unidentified items.
The giant cockroach misses you.
You claw the giant cockroach!
You kill the giant cockroach!
Your Dodging skill increases to level 3!
a - a scroll labelled UFAYRU SUORUNK
b - a ruby potion It was a potion of attraction.
You feel attractive to monsters.
You aren't carrying any potions.
Unknown command.
There is a stone staircase leading down here.
You open the door.
A goblin comes into view. It is wielding a +0 dagger.
The goblin is attracted toward you. The goblin is attracted toward you.
There is an open door here.
You pounce on the unaware helpless goblin!
You claw the goblin!
You kill the goblin!
Things that are here:
a +0 dagger; a goblin corpse A kobold comes into view.
It is wielding a +0 short sword.
The kobold is attracted toward you.
You feel less attractive to monsters. The kobold completely misses you.
The kobold barely misses you.
The kobold hits you with a +0 short sword.
The kobold misses you. The kobold barely misses you.
The kobold hits you with a +0 short sword.
Ouch! That really hurt!
You die...

# ### . ..# ######
####.# #....# ..##.#
#....##### #..#.########
#.........
##...##.....###K........
#.#..#......')..@.......
.##..#......###.........
..#..#......# #.........
#....#.###### #####.....
####.#.# .....
#.#.####### #####
.#..>.......
##.#......####
...#.####.#


You could see a kobold.

Vanquished Creatures
  A giant cockroach (D:1)
  3 goblins (D:1)
  3 hobgoblins (D:1)
  4 jackals (D:1)
11 creatures vanquished.

Notes
Turn   | Place    | Note
-------+----------+-------------------------------------------
     0 | D:1      | Parzival711 the Felid Transmuter began the quest for the
                  | Orb.
     0 | D:1      | Reached XP level 1. HP: 9/9 MP: 4/4
    55 | D:1      | Reached XP level 2. HP: 4/12 MP: 6/6
   559 | D:1      | Learned a level 2 spell: Wereblood
   568 | D:1      | Learned a level 2 spell: Passwall
   716 | D:1      | Slain by a kobold

Illustrated notes

Levels and vault maps discovered:
D:1:      dpeg_arrival_leaves_temple_mockup, layout_basic, minmay_tetromino_t2

Skill      XL: |  1  2 |
---------------+-------+-----
Dodging        | 3 |  3.0
Fighting       | |  1.1
Unarmed Combat | |  3.4
Spellcasting   | |  2.1
Transmutations | |  2.3

Action                   || total
-------------------------++-------
Melee: Unarmed           ||    29
       Bite              ||     4
       Punch             ||     1
  Use: Scroll            ||     1
       Potion            ||     1
 Stab: Sleeping          ||     1
Dodge: Dodged            ||    20

Table legend: (Time is in decaauts)
 A = Elapsed time spent in this place.
 B = Non-inter-level travel time spent in this place.
 C = Inter-level travel time spent in this place.
 D = Time resting spent in this place.
 E = Time spent auto-exploring this place.
 F = Levels seen in this place.
 G = Mean time per level.
                   A        B        C        D        E       F      G
               +--------+--------+--------+--------+--------+-----+--------+
         Total |    682 |    658 |     24 |    484 |     52 |   1 |  682.0 |
       Dungeon |    682 |    658 |     24 |    484 |     52 |   1 |  682.0 |
               +--------+--------+--------+--------+--------+-----+--------+

Top non-repeatable levels by time:
     D:1: 682 daAuts
